 Dungeon Crawl Stone Soup version 0.26-a0-837-g5a8a614f01 (webtiles) character file.

Game seed: 2317992581494850053

34 Morbidden the Sneak (level 3, 0/40 HPs)
             Began as a Demonspawn Brigand on Nov 18, 2020.
             Slain by a worker ant (3 damage)
             ... on level 2 of the Dungeon.
             The game lasted 00:01:11 (1192 turns).

Morbidden the Sneak (Demonspawn Brigand)            Turns: 1192, Time: 00:01:11

Health: 0/40       AC: 21    Str: 11    XL:     3   Next: 14%
Magic:  3/3        EV:  2    Int: 13    God:
Gold:   119        SH:  0    Dex: 14    Spells: 2/2 levels left

rFire    . . .     SeeInvis .   a - +2 dagger
rCold    + . .     Faith    .   (no shield)
rNeg     + + +     Spirit   .   (armour currently unavailable)
rPois    +         Reflect  .   (helmet currently unavailable)
rElec    .         Harm     .   (cloak currently unavailable)
rCorr    .         Rampage  .   (gloves currently unavailable)
MR       .....     NoTele   +   (boots currently unavailable)
Stlth    +++.......             (no amulet)
HPRegen  0.13/turn              f - ring of protection from cold
MPRegen  0.08/turn              (no ring)

@: lethally poisoned (0 -> -9), tree-form
A: wild magic 1
a: no special abilities


You were on level 2 of the Dungeon.
You were a tree.
You visited 1 branch of the dungeon, and saw 2 of its levels.

You collected 119 gold pieces.

Inventory:

Hand Weapons
 a - a +2 dagger (weapon)
Armour
 b - a +0 robe (melded)
 c - a +0 cloak (melded)
Jewellery
 f - a ring of protection from cold (left branch)
Scrolls
 h - 3 scrolls of identify {unknown}
 j - a scroll of enchant armour {unknown}
 l - a scroll of noise {unknown}
 n - a scroll of enchant weapon {unknown}
 o - a scroll of teleportation {unknown}
Potions
 i - a potion of haste {unknown}


   Skills:
 + Level 2.1 Fighting
 + Level 1.9 Short Blades
 + Level 1.9 Throwing
 + Level 0.9 Dodging
 + Level 4.5 Stealth


You had 2 spell levels left.
You didn't know any spells.
Your spell library was empty.

Dungeon Overview and Level Annotations

Branches:
Dungeon (2/15)

Altars:


Innate Abilities, Weirdness & Mutations

((You have hoof-like feet.))
Your spells are a little harder to cast, but a little more powerful.


Message History

You hit the worker ant.
The worker ant is heavily wounded.
You feel sick.
The worker ant bites you but does no damage.
A worm comes into view.
You hit the worker ant.
The worker ant is severely wounded.
The worker ant bites you.
* * * LOW HITPOINT WARNING * * *
You closely miss the worker ant.
The worker ant is severely wounded.
The worker ant bites you.
* * * LOW HITPOINT WARNING * * *
You are lethally poisoned!
The worker ant poisons you!
You hit the worker ant.
The worker ant is almost dead.
* * * LOW HITPOINT WARNING * * *
You feel sick. The worker ant bites you.
You die...

... ... #.# #.## ###
#.[# ... #..## #.#..
##.#.#
......####....####.#
#hlgB♣.........#
......h###..#.....#
#.#.#.. #........#
...... #.###..### #
#.... #.###..#
..[>.# #......#
!..l## ####...# ###.
#...# #...#


You could see a worker ant, 2 jackals, a goblin and a frilled lizard.

Vanquished Creatures
  An ooze (D:1)
  2 dart slugs
  4 bats
  4 goblins (D:1)
  5 hobgoblins (D:1)
  2 jackals (D:2)
  A ball python (D:2)
  2 frilled lizards
  2 rats (D:1)
23 creatures vanquished.

Notes
Turn   | Place    | Note
-------+----------+-------------------------------------------
     0 | D:1      | Morbidden the Demonspawn Brigand began the quest for the
                  | Orb.
     0 | D:1      | Reached XP level 1. HP: 16/16 MP: 1/1
     2 | D:1      | Noticed a naga
     2 | D:1      | Noticed a merfolk
     4 | D:1      | Noticed a gargoyle
     4 | D:1      | Noticed a halfling
     6 | D:1      | Noticed an elf
     6 | D:1      | Noticed a ghoul
     8 | D:1      | Noticed a spriggan
    10 | D:1      | Noticed a felid
    12 | D:1      | Noticed an ogre
    12 | D:1      | Noticed an octopode
    14 | D:1      | Noticed a demigod
    16 | D:1      | Noticed a minotaur
    16 | D:1      | Noticed a vine stalker
    18 | D:1      | Noticed a centaur
    18 | D:1      | Noticed a draconian
    20 | D:1      | Noticed a human
    22 | D:1      | Noticed a formicid
    22 | D:1      | Noticed a demonspawn
    24 | D:1      | Noticed a dwarf
    24 | D:1      | Noticed a troll
    26 | D:1      | Noticed a vampire
    26 | D:1      | Noticed a tengu
    74 | D:1      | Reached skill level 4 in Stealth
   143 | D:1      | Gained mutation: You have large cloven feet. [demonic
                  | ancestry]
   143 | D:1      | Reached XP level 2. HP: 17/22 MP: 2/2
  1078 | D:2      | Found a faded altar of an unknown god.
  1162 | D:2      | Gained mutation: You have hoof-like feet. [demonic
                  | ancestry]
  1162 | D:2      | Reached XP level 3. HP: 27/27 MP: 3/3
  1185 | D:2      | Gained mutation: Your spells are a little easier to cast,
                  | but a little less powerful. [potion of mutation]
  1185 | D:2      | Lost mutation: Your spells are a little easier to cast, but
                  | a little less powerful. [potion of mutation]
  1185 | D:2      | Gained mutation: Your spells are a little harder to cast,
                  | but a little more powerful. [potion of mutation]
  1192 | D:2      | Slain by a worker ant

Illustrated notes

Levels and vault maps discovered:
D:1:      kb_arrival_jail, layout_loops_ring
D:2:      layout_loops_cross, lemuel_doored_altar,
          gammafunk_temple_overflow_statue,
          chequers_ecumenical_altar_simple_redux, st_stairs_2

Skill      XL: |  1 |
---------------+----+-----
Stealth        | 4 |  4.5
Fighting       | |  2.1
Short Blades   | |  1.9
Throwing       | |  1.9
Dodging        | |  0.9

Action                   || total
-------------------------++-------
Melee: Dagger            ||    66
       Kick              ||    12
Throw: Dart              ||    16
  Use: Potion            ||     3
 Stab: Sleeping          ||     4
Armor: Robe              ||    20
       Skin              ||     3
Dodge: Dodged            ||    37

Table legend: (Time is in decaauts)
 A = Elapsed time spent in this place.
 B = Non-inter-level travel time spent in this place.
 C = Inter-level travel time spent in this place.
 D = Time resting spent in this place.
 E = Time spent auto-exploring this place.
 F = Levels seen in this place.
 G = Mean time per level.
                   A        B        C        D        E       F      G
               +--------+--------+--------+--------+--------+-----+--------+
         Total |   1184 |   1137 |     47 |      0 |    961 |   2 |  592.0 |
       Dungeon |   1184 |   1137 |     47 |      0 |    961 |   2 |  592.0 |
               +--------+--------+--------+--------+--------+-----+--------+

Top non-repeatable levels by time:
     D:1: 1071 daAuts
     D:2: 112 daAuts
